| TOP OF THE 1ST |
|
Charleston RiverDogs batting - Pitching for Lexington Legends : RHP John Stein
|
|
Pitching: RHP John Stein
|
|
|
Batting: LHB Tatsuo Yasui
|
0-0: Swinging Strike 0-1: Ground out 6-3 (Groundball, 6, EV 78.8 MPH)
|
|
Batting: SHB Blake Abbott
|
0-0: Called Strike 0-1: Ball 1-1: Ball 2-1: Foul Ball, location: 2F 2-2: Fly out, F8 (Flyball, 8RXD, EV 107.5 MPH)
|
|
Batting: RHB James Boynton
|
0-0: Ball 1-0: Called Strike 1-1: Ground out 5-3 (Groundball, 56S, EV 68.1 MPH)
|
| Top of the 1st over - 0 runs, 0 hits, 0 errors, 0 left on base; Charleston 0 - Lexington 0 |
| BOTTOM OF THE 1ST |
|
Lexington Legends batting - Pitching for Charleston RiverDogs : RHP Leo Gonzales
|
|
Pitching: RHP Leo Gonzales
|
|
|
Batting: RHB Danny Weisse
|
0-0: Foul Ball, location: 2F 0-1: Ball 1-1: Ball 2-1: Fly out, F9 (Line Drive, 9D, EV 97.5 MPH)
|
|
Batting: RHB Justin Bonner
|
0-0: Called Strike 0-1: Called Strike 0-2: Strikes out swinging
|
|
Batting: LHB Danny Bailey
|
0-0: Ball 1-0: Ball 2-0: Fly out, F8 (Line Drive, 8LM, EV 105.0 MPH)
|
| Bottom of the 1st over - 0 runs, 0 hits, 0 errors, 0 left on base; Charleston 0 - Lexington 0 |
| TOP OF THE 2ND |
|
Charleston RiverDogs batting - Pitching for Lexington Legends : RHP John Stein
|
|
Batting: SHB Reagan Dudley
|
0-0: Ball 1-0: Fly out, F7 (Flyball, 7, EV 89.4 MPH)
|
|
Batting: RHB Steve Martin
|
0-0: Ball 1-0: Ball 2-0: Foul Ball, location: 2F 2-1: Foul Ball, location: 2F 2-2: Ground out 4-3 (Groundball, 34, EV 82.5 MPH)
|
|
Batting: RHB Eric Blais
|
0-0: Called Strike 0-1: Ball 1-1: Swinging Strike 1-2: SINGLE (Line Drive, 8RS, EV 93.1 MPH)
|
|
Batting: RHB Miguel Leal
|
0-0: Ball Eric Blais steals 2nd base 1-0: Ball 2-0: Called Strike 2-1: Ground out 5-3 (Groundball, 15, EV 90.6 MPH)
|
| Top of the 2nd over - 0 runs, 1 hit, 0 errors, 1 left on base; Charleston 0 - Lexington 0 |
| BOTTOM OF THE 2ND |
|
Lexington Legends batting - Pitching for Charleston RiverDogs : RHP Leo Gonzales
|
|
Batting: LHB Ho-win Zhou
|
0-0: Ball 1-0: Fly out, F7 (Flyball, 7D, EV 91.9 MPH)
|
|
Batting: RHB Alex Cid
|
0-0: Fly out, F9 (Flyball, 89XD, EV 83.8 MPH)
|
|
Batting: RHB Josh Martin
|
0-0: Ball 1-0: Called Strike 1-1: Ball 2-1: Called Strike 2-2: Ground out 4-3 (Groundball, 4, EV 97.5 MPH)
|
| Bottom of the 2nd over - 0 runs, 0 hits, 0 errors, 0 left on base; Charleston 0 - Lexington 0 |
| TOP OF THE 3RD |
|
Charleston RiverDogs batting - Pitching for Lexington Legends : RHP John Stein
|
|
Batting: LHB Alex Genao
|
0-0: Ball 1-0: Ball 2-0: Ball 3-0: Called Strike 3-1: Foul Ball, location: 2F 3-2: Base on Balls
|
|
Batting: RHB Carlos Guadarrama
|
0-0: Ball 1-0: Called Strike 1-1: Ball 2-1: Foul Ball, location: 2F 2-2: Strikes out swinging Alex Genao steals 2nd base Batter strikes out.
|
|
Batting: LHB Tatsuo Yasui
|
0-0: Called Strike Alex Genao steals 3rd base 0-1: Swinging Strike 0-2: Ball 1-2: DOUBLE (Line Drive, 78XD, EV 109.4 MPH) Alex Genao scores
|
|
Batting: SHB Blake Abbott
|
0-0: Called Strike 0-1: Ball 1-1: Foul Ball, location: 2F 1-2: Ball 2-2: Ground out 5-3 (Groundball, 56S, EV 85.6 MPH)
|
|
Batting: RHB James Boynton
|
0-0: Called Strike 0-1: Ball 1-1: Ball 2-1: Foul Ball, location: 2F 2-2: Foul Ball, location: 2F 2-2: Foul Ball, location: 2F 2-2: Ball Wild Pitch! Tatsuo Yasui to third 3-2: Foul Ball, location: 2F 3-2: SINGLE (Groundball, 6MD, EV 108.1 MPH) Tatsuo Yasui scores
|
|
Batting: SHB Reagan Dudley
|
0-0: Ball 1-0: Foul Ball, location: 2F 1-1: Called Strike 1-2: Foul Ball, location: 2F 1-2: Ball 2-2: Ball 3-2: Ground out 4-3 (Groundball, 4, EV 90.0 MPH)
|
| Top of the 3rd over - 2 runs, 2 hits, 0 errors, 1 left on base; Charleston 2 - Lexington 0 |
| BOTTOM OF THE 3RD |
|
Lexington Legends batting - Pitching for Charleston RiverDogs : RHP Leo Gonzales
|
|
Batting: SHB Jason Anaya
|
0-0: Called Strike 0-1: Ball 1-1: Ball 2-1: Fly out, F7 (Flyball, 7LS, EV 95.0 MPH)
|
|
Batting: RHB Andy Urquhart
|
0-0: Called Strike 0-1: Swinging Strike 0-2: Strikes out swinging
|
|
Batting: RHB Allen Crenshaw
|
0-0: SOLO HOME RUN (Flyball, 7D, EV 95.0 MPH), Distance : 368 ft
|
|
Batting: RHB Danny Weisse
|
0-0: DOUBLE (Flyball, 89XD, EV 101.3 MPH)
|
|
Batting: RHB Justin Bonner
|
0-0: Ball 1-0: Ball 2-0: Called Strike 2-1: Foul Ball, location: 2F 2-2: Foul Ball, location: 2F 2-2: Ball 3-2: Base on Balls
|
|
Batting: LHB Danny Bailey
|
0-0: Foul Ball, location: 2F 0-1: Swinging Strike 0-2: Strikes out swinging
|
| Bottom of the 3rd over - 1 run, 2 hits, 0 errors, 2 left on base; Charleston 2 - Lexington 1 |
| TOP OF THE 4TH |
|
Charleston RiverDogs batting - Pitching for Lexington Legends : RHP John Stein
|
|
Pitching: RHP Rick Young
|
|
|
Batting: RHB Steve Martin
|
0-0: Foul Ball, location: 2F 0-1: Ball 1-1: Foul Ball, location: 2F 1-2: Ball 2-2: Strikes out swinging
|
|
Batting: RHB Eric Blais
|
0-0: Foul Ball, location: 2F 0-1: Called Strike 0-2: Ball 1-2: Foul Ball, location: 2F 1-2: Foul Ball, location: 2F 1-2: Ground out 1-3 (Groundball, 25, EV 75.6 MPH)
|
|
Batting: RHB Miguel Leal
|
0-0: Called Strike 0-1: Foul Ball, location: 2F 0-2: Strikes out looking
|
| Top of the 4th over - 0 runs, 0 hits, 0 errors, 0 left on base; Charleston 2 - Lexington 1 |
| BOTTOM OF THE 4TH |
|
Lexington Legends batting - Pitching for Charleston RiverDogs : RHP Leo Gonzales
|
|
Batting: LHB Ho-win Zhou
|
0-0: Called Strike 0-1: Ground out 6-3 (Groundball, 4, EV 104.4 MPH)
|
|
Batting: RHB Alex Cid
|
0-0: Called Strike 0-1: Ball 1-1: Ball 2-1: Ball 3-1: Called Strike 3-2: Base on Balls
|
|
Batting: RHB Josh Martin
|
0-0: Ball 1-0: Swinging Strike 1-1: Called Strike 1-2: Ball 2-2: Strikes out swinging
|
|
Batting: SHB Jason Anaya
|
0-0: Ball 1-0: Called Strike 1-1: Called Strike 1-2: Strikes out swinging
|
| Bottom of the 4th over - 0 runs, 0 hits, 0 errors, 1 left on base; Charleston 2 - Lexington 1 |
| TOP OF THE 5TH |
|
Charleston RiverDogs batting - Pitching for Lexington Legends : RHP Rick Young
|
|
Batting: LHB Alex Genao
|
0-0: Ball 1-0: Ball 2-0: Ball 3-0: Ground out 1-3 (Groundball, 13S, EV 68.8 MPH)
|
|
Batting: RHB Carlos Guadarrama
|
0-0: Called Strike 0-1: Foul Ball, location: 2F 0-2: Ball 1-2: Foul Ball, location: 2F 1-2: Foul Ball, location: 2F 1-2: Ball 2-2: Ball 3-2: SINGLE (Groundball, 6MD, EV 99.4 MPH)
|
|
Batting: LHB Tatsuo Yasui
|
0-0: Ball 1-0: Called Strike 1-1: Ball 2-1: Called Strike 2-2: Foul Ball, location: 2F 2-2: Strikes out looking
|
|
Batting: SHB Blake Abbott
|
0-0: Ball Passed Ball! Carlos Guadarrama to second 1-0: Called Strike 1-1: Ball 2-1: Ground out 4-3 (Groundball, 4, EV 81.3 MPH)
|
| Top of the 5th over - 0 runs, 1 hit, 0 errors, 1 left on base; Charleston 2 - Lexington 1 |
| BOTTOM OF THE 5TH |
|
Lexington Legends batting - Pitching for Charleston RiverDogs : RHP Leo Gonzales
|
|
Batting: RHB Andy Urquhart
|
0-0: Ball 1-0: Ball 2-0: Fly out, F8 (Line Drive, 8RD, EV 88.8 MPH)
|
|
Batting: RHB Allen Crenshaw
|
0-0: Foul Ball, location: 2F 0-1: Ball 1-1: Ball 2-1: Foul Ball, location: 2F 2-2: Ball 3-2: Strikes out swinging
|
|
Batting: RHB Danny Weisse
|
0-0: Swinging Strike 0-1: Ball 1-1: Ground out 6-3 (Groundball, 6, EV 101.3 MPH)
|
| Bottom of the 5th over - 0 runs, 0 hits, 0 errors, 0 left on base; Charleston 2 - Lexington 1 |
| TOP OF THE 6TH |
|
Charleston RiverDogs batting - Pitching for Lexington Legends : RHP Rick Young
|
|
Pitching: RHP Gabe Torres
|
|
|
Batting: RHB James Boynton
|
0-0: Called Strike 0-1: Foul Ball, location: 2F 0-2: Fly out, F8 (Flyball, 8LM, EV 91.9 MPH)
|
|
Batting: SHB Reagan Dudley
|
0-0: Swinging Strike 0-1: Ball 1-1: Ground out 4-3 (Groundball, 34, EV 81.9 MPH)
|
|
Batting: RHB Steve Martin
|
0-0: Called Strike 0-1: Swinging Strike 0-2: Strikes out looking
|
| Top of the 6th over - 0 runs, 0 hits, 0 errors, 0 left on base; Charleston 2 - Lexington 1 |
| BOTTOM OF THE 6TH |
|
Lexington Legends batting - Pitching for Charleston RiverDogs : RHP Leo Gonzales
|
|
Batting: RHB Justin Bonner
|
0-0: Ball 1-0: Foul Ball, location: 2F 1-1: Swinging Strike 1-2: Strikes out swinging
|
|
Batting: LHB Danny Bailey
|
0-0: DOUBLE (Line Drive, 8LXD, EV 99.4 MPH)
|
|
Batting: LHB Ho-win Zhou
|
0-0: Called Strike Danny Bailey steals 3rd base 0-1: Ball 1-1: Ground out 5-3 (Groundball, 56S, EV 65.0 MPH)
|
|
Batting: RHB Alex Cid
|
0-0: Ball 1-0: Foul Ball, location: 2F 1-1: Called Strike 1-2: Fly out, F9 (Flyball, 89M, EV 78.8 MPH)
|
| Bottom of the 6th over - 0 runs, 1 hit, 0 errors, 1 left on base; Charleston 2 - Lexington 1 |
| TOP OF THE 7TH |
|
Charleston RiverDogs batting - Pitching for Lexington Legends : RHP Gabe Torres
|
|
Batting: RHB Eric Blais
|
0-0: Ball 1-0: Ball 2-0: Foul Ball, location: 2F 2-1: Ball 3-1: Foul Ball, location: 2F 3-2: DOUBLE (Line Drive, 89XD, EV 105.0 MPH)
|
|
Batting: RHB Miguel Leal
|
0-0: Called Strike 0-1: Ball 1-1: Ball 2-1: Called Strike 2-2: Ground out 5-3 (Groundball, 56, EV 90.6 MPH)
|
|
Batting: LHB Alex Genao
|
0-0: Intentional Walk
|
|
Batting: RHB Carlos Guadarrama
|
0-0: Called Strike Eric Blais steals 3rd base Alex Genao to second 0-1: Swinging Strike 0-2: Strikes out looking
|
|
Batting: LHB Tatsuo Yasui
|
0-0: Called Strike 0-1: Ball 1-1: Ball 2-1: Ball 3-1: Base on Balls
|
|
Pitching: RHP Terry Romaine
|
|
|
Batting: SHB Blake Abbott
|
0-0: Swinging Strike 0-1: Ball 1-1: GRAND SLAM HOME RUN (Flyball, 9D, EV 95.6 MPH), Distance : 374 ft
|
|
Batting: RHB James Boynton
|
0-0: Swinging Strike 0-1: Called Strike 0-2: Fly out, F8 (Flyball, 89D, EV 102.5 MPH)
|
| Top of the 7th over - 4 runs, 2 hits, 0 errors, 0 left on base; Charleston 6 - Lexington 1 |
| BOTTOM OF THE 7TH |
|
Lexington Legends batting - Pitching for Charleston RiverDogs : RHP Leo Gonzales
|
|
Batting: RHB Josh Martin
|
0-0: Called Strike 0-1: Foul Ball, location: 2F 0-2: Ball 1-2: Ball 2-2: Fly out, F8 (Line Drive, 8LM, EV 88.1 MPH)
|
|
Batting: SHB Jason Anaya
|
0-0: Ball 1-0: Ball 2-0: Ball 3-0: Foul Ball, location: 2F 3-1: Swinging Strike 3-2: Foul Ball, location: 2F 3-2: Ground out 4-3 (Groundball, 4, EV 78.8 MPH)
|
|
Batting: RHB Andy Urquhart
|
0-0: Called Strike 0-1: Ground out 6-3 (Groundball, 6, EV 100.0 MPH)
|
| Bottom of the 7th over - 0 runs, 0 hits, 0 errors, 0 left on base; Charleston 6 - Lexington 1 |
| TOP OF THE 8TH |
|
Charleston RiverDogs batting - Pitching for Lexington Legends : RHP Terry Romaine
|
|
Batting: SHB Reagan Dudley
|
0-0: Ball 1-0: Called Strike 1-1: Ball 2-1: Ball 3-1: Swinging Strike 3-2: Base on Balls
|
|
Batting: RHB Steve Martin
|
0-0: Called Strike 0-1: Foul Ball, location: 2F 0-2: Ball Wild Pitch! Reagan Dudley to second 1-2: Strikes out looking
|
|
Batting: RHB Eric Blais
|
0-0: Called Strike 0-1: Ball 1-1: Foul Ball, location: 2F 1-2: Ball 2-2: Strikes out swinging, 2-3 out at first.
|
|
Batting: RHB Miguel Leal
|
0-0: Called Strike 0-1: Foul Ball, location: 2F 0-2: Ball 1-2: Ball 2-2: Ball 3-2: Fly out, F8 (Flyball, 8LM, EV 79.4 MPH)
|
| Top of the 8th over - 0 runs, 0 hits, 0 errors, 1 left on base; Charleston 6 - Lexington 1 |
| BOTTOM OF THE 8TH |
|
Lexington Legends batting - Pitching for Charleston RiverDogs : RHP Leo Gonzales
|
|
Pitching: RHP Andres Baca
|
|
|
Batting: RHB Allen Crenshaw
|
0-0: Ball 1-0: Ball 2-0: Foul Ball, location: 2F 2-1: Foul Ball, location: 2F 2-2: Foul Ball, location: 2F 2-2: Foul Ball, location: 2F 2-2: Ball 3-2: Fly out, F7 (Flyball, 78S, EV 89.4 MPH)
|
|
Batting: RHB Danny Weisse
|
0-0: Called Strike 0-1: Ball 1-1: Foul Ball, location: 2F 1-2: Ball 2-2: Ground out 4-3 (Groundball, 4M, EV 82.5 MPH)
|
|
Batting: RHB Justin Bonner
|
0-0: Called Strike 0-1: Ball 1-1: DOUBLE (Flyball, 8RXD, EV 104.4 MPH)
|
|
Batting: LHB Danny Bailey
|
0-0: SINGLE (Groundball, 4D, EV 95.0 MPH) Justin Bonner to third Runner from 3rd tries for Home, SAFE, throw by CF to home
|
|
Batting: LHB Ho-win Zhou
|
0-0: Swinging Strike 0-1: Foul Ball, location: 2F 0-2: Fly out, F8 (Flyball, 89XD, EV 83.1 MPH)
|
| Bottom of the 8th over - 1 run, 2 hits, 0 errors, 1 left on base; Charleston 6 - Lexington 2 |
| TOP OF THE 9TH |
|
Charleston RiverDogs batting - Pitching for Lexington Legends : RHP Terry Romaine
|
|
Pitching: LHP Anton Erlykov
|
|
|
Batting: LHB Alex Genao
|
0-0: Called Strike 0-1: Ball 1-1: DOUBLE (Line Drive, 7LD, EV 107.5 MPH)
|
|
Batting: RHB Carlos Guadarrama
|
0-0: Called Strike 0-1: Ball 1-1: Called Strike 1-2: Foul Ball, location: 2F 1-2: Foul Ball, location: 2F 1-2: Ground out 6-3 (Groundball, 6S, EV 87.5 MPH) Alex Genao to third
|
|
Batting: LHB Tatsuo Yasui
|
0-0: Ball Wild Pitch! Alex Genao scores 1-0: Swinging Strike 1-1: Called Strike 1-2: Strikes out looking
|
|
Batting: SHB Blake Abbott
|
0-0: Ball 1-0: Ball 2-0: Foul Ball, location: 2F 2-1: SOLO HOME RUN (Flyball, 7D, EV 96.3 MPH), Distance : 373 ft
|
|
Batting: RHB James Boynton
|
0-0: SINGLE (Line Drive, 8LS, EV 105.0 MPH)
|
|
Batting: SHB Reagan Dudley
|
0-0: Ball James Boynton is caught stealing 2nd base 2-4
|
| Top of the 9th over - 2 runs, 3 hits, 0 errors, 0 left on base; Charleston 8 - Lexington 2 |
| BOTTOM OF THE 9TH |
|
Lexington Legends batting - Pitching for Charleston RiverDogs : RHP Andres Baca
|
|
Batting: RHB Alex Cid
|
0-0: Ball 1-0: Called Strike 1-1: Foul Ball, location: 2F 1-2: Foul Ball, location: 2F 1-2: Ball 2-2: Foul Ball, location: 2F 2-2: Foul Ball, location: 2F 2-2: Ground out 4-3 (Groundball, 4, EV 90.6 MPH)
|
|
Batting: RHB Josh Martin
|
0-0: Called Strike 0-1: Ball 1-1: Foul Ball, location: 2F 1-2: Ground out 5-3 (Groundball, 56, EV 83.1 MPH)
|
|
Batting: SHB Jason Anaya
|
0-0: Foul Ball, location: 2F 0-1: Foul Ball, location: 2F 0-2: Ball 1-2: Ground out 4-3 (Groundball, 4M, EV 90.0 MPH)
|
| Bottom of the 9th over - 0 runs, 0 hits, 0 errors, 0 left on base; Charleston 8 - Lexington 2 |
|